 Dungeon Sprint DCSS version 0.29-a0-620-g13ace881f2 (webtiles) character file.

Game seed: 11249309111213355901

7620 rocky1 the Fighter (level 10, -5/100 HPs)
             Began as a Purple Draconian Transmuter on June 19, 2022.
             Was a High Priest of Okawaru.
             Slain by a dream sheep (21 damage)
             ... in the Dungeon (Sprint VII: "The Pits").
             The game lasted 00:15:59 (3956 turns).

rocky1 the Fighter (Purple Draconian Transmuter)    Turns: 3956, Time: 00:15:59

Health: -5/100     AC:  2    Str: 13    XL:     10   Next: 98%
Magic:  19/25      EV:  5    Int: 23    God:    Okawaru [*****.]
Gold:   0          SH:  0    Dex: 17    Spells: 21/31 levels left

rFire   . . .      SeeInvis .     - Unarmed
rCold   . . .      Faith    .   (shield currently unavailable)
rNeg    . . .      Spirit   .   (body armour unavailable)
rPois   x          Reflect  .   (helmet currently unavailable)
rElec   .          Harm     .   (cloak currently unavailable)
rCorr   .          Rampage  .   (gloves currently unavailable)
Will    +....      NoTele   +   (boots currently unavailable)
Stlth   ++........              (no amulet)
HPRegen 0.26/turn               j - +3 ring of intelligence
MPRegen 0.19/turn               k - +3 ring of intelligence

@: spider-form, sleeping, finesse-ful
A: venomous fangs, (breathe power), AC +7, tiny, unfitting armour,
(cold-blooded)
a: End Transformation, Renounce Religion, Heroism, Finesse


You were in the Dungeon.
You worshipped Okawaru.
Okawaru was extremely pleased with you.
You were a venomous arachnid creature.
You visited 1 branch

Inventory:

Hand Weapons
 g - a +0 shortbow of freezing
Jewellery
 j - a +3 ring of intelligence (left front leg)
 k - a +3 ring of intelligence (right front leg)
Scrolls
 i - 5 scrolls of amnesia
Potions
 a - a potion of lignification
 b - 7 potions of curing
 c - a potion of heal wounds
 d - a potion of haste
 e - 4 potions of magic
 f - a potion of berserk rage
 h - 2 potions of invisibility
 l - a potion of brilliance
 m - a potion of mutation


   Skills:
 + Level 12.9 Fighting
 + Level 11.0 Dodging
 + Level 12.2 Unarmed Combat
 - Level 11.0 Spellcasting
 - Level 9.7 Transmutations
 - Level 6.6 Ice Magic
 - Level 6.5 Poison Magic
 - Level 7.3 Invocations


You had 21 spell levels left.
You knew the following spells:

 Your Spells              Type           Power      Damage    Failure   Level
a - Beastly Appendage     Tmut           100%       N/A       1%          1
b - Wereblood             Tmut           55%        N/A       1%          2
c - Spider Form           Tmut/Pois      50%        N/A       3%          3
d - Ice Form              Ice/Tmut       50%        N/A       8%          4

Your spell library contained the following spells:

 Spells                   Type           Power      Damage    Failure   Level


Dungeon Overview and Level Annotations

Branches:
Dungeon (1/1)

Altars:
Ashenzari
Cheibriados
Dithmenos
Elyvilon
Fedhas
Gozag
Hepliaklqana
Kikubaaqudgha
Makhleb
Nemelex Xobeh
Okawaru
Qazlal
Ru
Sif Muna
Trog
Uskayaw
Vehumet
Wu Jian
Xom
Yredelemnul
Zin
The Shining One
Beogh
Jiyva
Lugonu


Innate Abilities, Weirdness & Mutations

You are a venomous arachnid creature.
You have poisonous fangs.
You are tiny and dextrous.
Your spellcasting is less reliable in this form.
Your armour is entirely melded.
You are incapable of wielding weapons or throwing items.
((You can breathe bolts of dispelling energy.))
((Your rich purple scales are hard. (AC +7)))
You cannot fit into any form of body armour.
((You are cold-blooded and may be slowed by cold attacks.))


Message History

You maul the dream sheep!!
You kill the dream sheep!
Okawaru accepts your kill.
Your base Dodging skill increases to level 11!
The dream sheep bleats! x2
The dream sheep shake their wool and sparkle.
You feel drowsy...
You fall asleep.
The dream sheep bites you!!
You wake up.
You see here a dream sheep corpse.
You are too injured to fight recklessly!
You are too injured to fight recklessly!
Unknown command.
The dream sheep attacks as you move away!
The dream sheep closely misses you. The dream sheep completely misses you.
The dream sheep misses you. The dream sheep barely misses you.
The dream sheep completely misses you.
The dream sheep shake their wool and sparkle.
You feel drowsy...
You fall asleep.
The dream sheep barely misses you. The dream sheep bites you!!
You wake up.
* * * LOW HITPOINT WARNING * * *
The dream sheep attacks as you move away!
The dream sheep closely misses you. The dream sheep misses you.
The dream sheep attacks as you move away!
The dream sheep completely misses you.
The dream sheep attacks as you move away!
The dream sheep misses you.
The dream sheep attacks as you move away!
The dream sheep bites you.
* * * LOW HITPOINT WARNING * * *
You feel like a meek peon again.
The dream sheep attacks as you move away!
The dream sheep misses you.
You see here a +0 club.
The dream sheep attacks as you move away!
The dream sheep bites you.
* * * LOW HITPOINT WARNING * * *
The dream sheep are wreathed in dream dust.
You feel drowsy...
You fall asleep.
The dream sheep bites you!!
You die...

############ #_________.#
#_________.#
#_______...###########++######
##########'##................#
#.?(.')))')##......#..#......#
##########)##....)...........+
#..........)[))sYY...........+
#'#####'#####.).Y..#..#.†....#
#.#...#)#[[##......Y.f..†....#
#.#...#.#))#####'#####''######
#.#...'.#))##.......##''########
#.##÷####))##.......##......'..'
#.#.....#..##.......##......'Y.'
#)#.....#'###...<...##.)...##YY#
#)#........##.......##.).###....


You could see a wandering mushroom and 4 dream sheep.

Vanquished Creatures
  A hydra (D)
  A fire crab (D)
  An orc knight (D)
  A lindwurm (D)
  A deep elf zephyrmancer (D)
  An orange demon (D)
  An unseen horror (D)
  A guardian mummy (D)
  A red devil (D)
  A tyrant leech (D)
  A tarantella (D)
  9 dream sheep (D)
  A flying skull (D)
  A wraith (D)
  A warg (D)
  A water moccasin (D)
  2 orc warriors (D)
  A sky beast (D)
  A swamp drake (D)
  An ogre (D)
  A centaur (D)
  A wolf (D)
  A kobold brigand (D)
  2 gnoll sergeants (D)
  2 scorpions (D)
  7 killer bees (D)
  2 orc priests (D)
  A hound (D)
  2 gnoll shamans (D)
  An iron imp (D)
  An iguana (D)
  An orc wizard (D)
  A mummy (D)
  12 gnolls (D)
  A river rat (D)
  A worm (D)
  5 orcs (D)
  2 endoplasms (D)
  2 giant cockroaches (D)
  A goblin (D)
  4 jackals (D)
  A ball python skeleton (D)
  A frilled lizard (D)
  2 rats (D)
84 creatures vanquished.

Vanquished Creatures (others)
  2 killer bees (D)
  A jackal (D)
3 creatures vanquished.

Grand Total: 87 creatures vanquished

Notes
Turn   | Place    | Note
-------+----------+-------------------------------------------
     0 | D        | rocky1 the Draconian Transmuter began the quest for the
                  | Orb.
     0 | D        | Reached XP level 1. HP: 16/16 MP: 3/3
    28 | D        | Found a bloodstained altar of Trog.
    28 | D        | Found a shimmering blue altar of Sif Muna.
    28 | D        | Found a viscous altar of Jiyva.
    28 | D        | Found a hazy altar of Hepliaklqana.
    28 | D        | Found an opulent altar of Gozag.
    29 | D        | Found a glowing golden altar of the Shining One.
    29 | D        | Found a glowing silver altar of Zin.
    29 | D        | Found a basalt altar of Yredelemnul.
    29 | D        | Found a shimmering altar of Xom.
    29 | D        | Found an ornate altar of the Wu Jian Council.
    29 | D        | Found a sacrificial altar of Ru.
    29 | D        | Found a stormy altar of Qazlal.
    29 | D        | Found an iron altar of Okawaru.
    29 | D        | Found a sparkling altar of Nemelex Xobeh.
    29 | D        | Found a burning altar of Makhleb.
    29 | D        | Found a blossoming altar of Fedhas.
    29 | D        | Found a white marble altar of Elyvilon.
    29 | D        | Found a shadowy altar of Dithmenos.
    29 | D        | Found a snail-covered altar of Cheibriados.
    32 | D        | Found a corrupted altar of Lugonu.
    32 | D        | Found a radiant altar of Vehumet.
    33 | D        | Found an ancient bone altar of Kikubaaqudgha.
    33 | D        | Found a hide-covered altar of Uskayaw.
    33 | D        | Found a broken altar of Ashenzari.
   152 | D        | Became a worshipper of Warmaster Okawaru
   199 | D        | Reached XP level 2. HP: 24/25 MP: 2/5
   227 | D        | Noticed a scorpion
   243 | D        | Killed a scorpion
   244 | D        | Reached XP level 3. HP: 15/33 MP: 6/8
   244 | D        | Reached XP level 4. HP: 18/40 MP: 6/9
   409 | D        | Noticed a scorpion
   419 | D        | Killed a scorpion
   420 | D        | Reached skill level 5 in Unarmed Combat
   426 | D        | Learned a level 2 spell: Wereblood
   437 | D        | Reached skill level 5 in Fighting
   437 | D        | Reached XP level 5. HP: 18/48 MP: 9/11
   665 | D        | Learned a level 3 spell: Spider Form
   670 | D        | Noticed an orc warrior
   676 | D        | Noticed a centaur
   680 | D        | Reached * piety under Okawaru
   681 | D        | Reached skill level 5 in Spellcasting
   681 | D        | Reached skill level 5 in Transmutations
   689 | D        | Reached skill level 5 in Dodging
   696 | D        | Killed an orc warrior
   697 | D        | Reached XP level 6. HP: 18/58 MP: 9/14
   714 | D        | Your scales start taking on a rich purple colour.
   714 | D        | Reached XP level 7. HP: 33/66 MP: 7/18
   900 | D        | Learned a level 4 spell: Ice Form
   907 | D        | Noticed an orange demon
   916 | D        | Killed an orange demon
   916 | D        | Reached ** piety under Okawaru
  1092 | D        | Reached XP level 8. HP: 72/74 MP: 16/20
  1202 | D        | Noticed a tarantella
  1202 | D        | Noticed a deep elf zephyrmancer
  1219 | D        | Killed a tarantella
  1219 | D        | Reached *** piety under Okawaru
  1228 | D        | Killed a deep elf zephyrmancer
  1370 | D        | Noticed a tyrant leech
  1698 | D        | Reached skill level 5 in Invocations
  1720 | D        | Noticed an orc knight
  1747 | D        | Killed a tyrant leech
  1748 | D        | Reached XP level 9. HP: 78/83 MP: 19/22
  1753 | D        | Killed an orc knight
  1753 | D        | Reached **** piety under Okawaru
  1754 | D        | Reached skill level 10 in Spellcasting
  1754 | D        | Reached skill level 5 in Ice Magic
  1754 | D        | Reached skill level 5 in Poison Magic
  2059 | D        | Reached skill level 10 in Fighting
  2084 | D        | HP: 3/85 [dream sheep (30)]
  2095 | D        | Reached ***** piety under Okawaru
  2104 | D        | Reached XP level 10. HP: 65/94 MP: 24/24
  2109 | D        | Reached skill level 10 in Unarmed Combat
  2318 | D        | Received a gift from Okawaru
  2378 | D        | Noticed a lindwurm
  2843 | D        | Killed a lindwurm
  3208 | D        | Noticed a five-headed hydra
  3208 | D        | Noticed a fire crab
  3296 | D        | Killed a five-headed hydra
  3297 | D        | Reached skill level 10 in Dodging
  3661 | D        | Identified the +0 kite shield of Purpose {Harm} (Okawaru
                  | gifted it to you in the Dungeon)
  3661 | D        | Received a gift from Okawaru
  3936 | D        | Killed a fire crab
  3956 | D        | Slain by a dream sheep

Illustrated notes

Levels and vault maps discovered:
D:        pitsprint [storerooms_1, entrance_room_1, metal_vault_4, armoury_1,
          mini_pit_1, grid_room_1, main_hall_1, silver_pit, the_coven_2,
          the_vestibule_1, steel_vault_1, golden_pit, hallway_of_sentries,
          crystal_vault_4, iron_vault_4, final_vault]

Skill      XL: |  1  2  3  4  5  6  7  8  9 10 |
---------------+-------------------------------+-----
Dodging        | 2 3 4 5 6 7 8 11 | 11.0
Fighting       | 2 3 5 6 7 8 9 10 12 | 12.9
Unarmed Combat | 4 5 6 7 8 9 12 | 12.2
Spellcasting   | 3 4 5 7 8 9 10 11 | 11.0
Transmutations | 4 6 7 8 9 |  9.7
Ice Magic      | 2 4 6 |  6.6
Poison Magic   | 2 4 6 |  6.5
Invocations    | 3 5 7 |  7.3

Action                   |  1- 3 |  4- 6 |  7- 9 | 10-12 || total
-------------------------+-------+-------+-------+-------++-------
Melee: Unarmed           |    32 |    43 |   122 |    92 ||   289
       Kick              |     8 |     5 |     7 |       ||    20
       Tailslap          |     3 |     1 |     5 |     3 ||    12
       Headbutt          |     1 |     3 |     4 |       ||     8
       Punch             |       |       |     3 |     3 ||     6
 Cast: Beastly Appendage |     3 |     2 |     3 |     1 ||     9
       Spider Form       |       |     2 |     5 |     2 ||     9
       Ice Form          |       |       |     4 |     4 ||     8
       Wereblood         |       |       |     1 |       ||     1
Invok: Heroism           |       |     2 |     5 |     3 ||    10
       Finesse           |       |       |       |     2 ||     2
 Abil: Breathe Dispellin |       |       |       |     1 ||     1
  Use: Potion            |       |     3 |     6 |     5 ||    14
       Scroll            |       |       |     1 |       ||     1
 Stab: Confused          |       |       |     1 |       ||     1
Armor: Skin              |    10 |     4 |    31 |    22 ||    67
Dodge: Dodged            |    18 |    48 |    85 |    83 ||   234

Table legend: (Time is in decaauts)
 A = Elapsed time spent in this place.
 B = Non-inter-level travel time spent in this place.
 C = Inter-level travel time spent in this place.
 D = Time resting spent in this place.
 E = Time spent auto-exploring this place.
 F = Levels seen in this place.
 G = Mean time per level.
                   A        B        C        D        E       F      G
               +--------+--------+--------+--------+--------+-----+--------+
         Total |   3869 |   3852 |     17 |   2733 |      0 |   1 | 3869.0 |
       Dungeon |   3869 |   3852 |     17 |   2733 |      0 |   1 | 3869.0 |
               +--------+--------+--------+--------+--------+-----+--------+

Top non-repeatable levels by time:
       D: 3869 daAuts
